 Dungeon Crawl Stone Soup version 0.31.0-4-g52a2dc7128 (webtiles) character file.

Game seed: 10150643873596365465

4 Gottschkopf the Cutter (level 1, -22/17 HPs)
             Began as a Vampire Monk on Jan 23, 2024.
             Engulfed by a cloud of flame (23 damage)
             ... on level 1 of the Dungeon.
             The game lasted 00:00:44 (199 turns).

Gottschkopf the Cutter (Vampire Monk)                Turns: 199, Time: 00:00:45

Health: -22/17     AC:  2    Str: 10    XL:     1   Next: 50%
Magic:  1/1        EV: 13    Int: 12    God:
Gold:   23         SH:  0    Dex: 16    Spells: 0/0 levels left

rFire   . . .        a - +0 short sword
rCold   . . .        d - orb {light}
rNeg    . . .        b - +0 robe
rPois   .            (no helmet)
rElec   .            (no cloak)
rCorr   .            (no gloves)
SInv    +            (no boots)
Will    .....        (no amulet)
Stlth   +            (no ring)
HPRegen 0.42/turn    (no ring)
MPRegen 0.07/turn

%: no passive effects
@: healing quickly, glowing
A: alive, fangs 3, see invisible, vampiric 1
a: Exsanguinate


You were on level 1 of the Dungeon.
You visited 1 branch of the dungeon, and saw 1 of its levels.

You collected 23 gold pieces.

Inventory:

Hand Weapons
 a - a +0 short sword (weapon)
Armour
 b - a +0 robe (worn)
 d - an orb of light (worn)
Jewellery
 f - an amulet of faith
Scrolls
 e - a scroll of fog {unknown}
 g - a scroll of noise {unknown}
Potions
 c - a potion of ambrosia


   Skills:
 * Level 2.8 Fighting
 + Level 3.3 Short Blades
 + Level 3.3 Dodging
 + Level 0.5 Stealth


You couldn't memorise any spells.
You didn't know any spells.
Your spell library was empty.

Dungeon Overview and Level Annotations

Branches:
Dungeon (1/15)

Altars:


Innate Abilities, Weirdness & Mutations

Your natural rate of healing is accelerated.
You have razor-sharp teeth.
You have supernaturally acute eyesight. (SInv)
You are afflicted with vampirism.


Message History

A ball python comes into view.
The ball python hisses angrily.
The ball python bites you but does no damage.
The ball python grabs you. The ball python constricts you.
The ball python bites you. The ball python constricts you.
You hit the ball python.
You kill the ball python!
A ball python comes into view.
A ball python is nearby!
The ball python barely misses you. x2; The ball python closely misses you. x2
You closely miss the ball python. You bite the ball python.
The ball python is moderately wounded.
The ball python bites you. The ball python closely misses you.
You hit the ball python but do no damage.
The ball python is moderately wounded.
The ball python barely misses you. The ball python grabs you.
The ball python constricts you.
You hit the ball python.
You kill the ball python!
You now have 23 gold pieces (gained 10).
A quokka comes into view.
The quokka completely misses you.
You hit the quokka.
The quokka is moderately wounded.
The quokka bites you but does no damage.
You barely miss the quokka. You bite the quokka.
You kill the quokka!
You see here a quokka corpse.
Found 21 gold pieces.
Okay, then.
Okay, then.
You are engulfed in blazing flames.
Ouch! That really hurt!
* * * LOW HITPOINT WARNING * * *
Things that are here:
an amulet of faith; a scroll labelled VUBLEO LYUM
f - an amulet of faith;
g - a scroll labelled VUBLEO LYUM You are engulfed in blazing flames.
Ouch! That really hurt!
You die...

#..##.# #.# #.##..
#.##### #.##># #.# #
#.##.# #.# §# #.##.#
#.# ☼☼# #.##.#
#.#####...#####.##.#
#..☼§○.$...○○☼..##.#
#..§☼°.$...§☼§..##..
##.@○☼.$$..☼.§..####
######...#####.....
§§# #..... ######


There were no monsters in sight!

Vanquished Creatures
  An endoplasm (D:1)
  A quokka (D:1)
  2 ball pythons (D:1)
4 creatures vanquished.

Notes
Turn   | Place    | Note
-------+----------+-------------------------------------------
     0 | D:1      | Gottschkopf the Vampire Monk began the quest for the Orb.
     0 | D:1      | Reached XP level 1. HP: 17/17 MP: 1/1
   199 | D:1      | Engulfed by a cloud of flame

Illustrated notes

Levels and vault maps discovered:
D:1:      dpeg_arrival_erosion, layout_loops_ring, chequers_decorated_corner,
          columned_hall_lemuel, solitary_fountain, dk_noncrumbling_3,
          chequers_serial_rivers_small_a, lemuel_flame_loot_1

Action                     || total
---------------------------++-------
  Melee: Short sword       ||    10
         Bite              ||     2
 Armour: Robe              ||     6
  Dodge: Dodged            ||     8
